Map: Magannatha LE

Players

yasakaEP - Winner!

  • Race: Zerg Zerg
  • League: Diamond
  • Spawn Location: 11:00

ManlyManMeat

  • Race: Zerg Zerg
  • League: Diamond
  • Spawn Location: 5:00

VOD

Have the link to the VOD?

Description

Time

  • Played on: July 5, 2025, 9:07 a.m.
  • Length: 3:21
Show
View Real Time Build Order
Export as new Build Order

yasakaEP Zerg - Winner!

Build Orders: 1 Base Baneling Bust, Pool Only 

Get SALT Encoding   

  12  0:00  Drone  
  13  0:23  Spawning Pool  
  13  0:25  Extractor  
  13  0:26  Drone  
  12  0:31  Drone  
  14  0:35  Drone  
  14  0:45  Overlord  
  16  1:11  Zergling x6  
  16  1:16  Baneling Nest  
  16  1:23  Zergling x2  
  17  1:28  Queen  
  19  1:35  Zergling x2  
  20  1:47  Zergling x2  
  20  1:48  Metabolic Boost  
  21  1:58  Overlord  
  21  2:10  Baneling  
  21  2:11  Zergling x2  
  21  2:24  Baneling  
  21  2:25  Zergling x2  
  21  2:43  Zergling x4  
  22  2:51  Zergling x2  
  22  2:52  Zergling x4  
  25  3:00  Drone  
Show
View Real Time Build Order
Export as new Build Order

ManlyManMeat Zerg 

Build Orders: Hatch First 

Get SALT Encoding   

  12  0:00  Drone  
  13  0:08  Drone  
  14  0:15  Drone, Extractor  
  15  0:21  Overlord  
  15  0:40  Drone  
  16  0:46  Hatchery  
  15  0:50  Drone  
  15  0:54  Drone  
  17  0:57  Drone  
  18  1:09  Extractor  
  17  1:14  Spawning Pool  
  17  1:17  Drone  
  17  1:20  Drone  
  18  1:26  Drone  
  19  1:38  Drone  
  20  2:02  Queen x2  
  20  2:03  Zergling x4  
  25  2:09  Zergling x2  
  25  2:10  Zergling x2  
  23  2:45  Zergling x2  
  22  2:56  Zergling x2  
  22  2:57  Zergling x2  
  24  3:00  Zergling x2  
Tags
 
Add a new tag
Caveats
  • Supply blocks, unpowered buildings, or Contaminate may cause inaccurate times.
  • Supply counts are checked every 10 seconds.